 Dungeon Crawl Stone Soup version 0.30-a0-341-g6827065 (webtiles) character file.

Game seed: 6775593757816967881

161 Dorkslayer the Trooper (level 5, -2/46 HPs)
             Began as a Hill Orc Fighter on Oct 31, 2022.
             Killed by nerve-wracking pain
             ... invoked by Grinder
              (8 damage)
             ... on level 3 of the Dungeon.
             The game lasted 00:03:51 (2268 turns).

Dorkslayer the Trooper (Hill Orc Fighter)           Turns: 2268, Time: 00:03:52

Health: -2/46      AC:  7    Str: 19    XL:     5   Next: 42%
Magic:  5/5        EV:  9    Int:  8    God:
Gold:   87         SH:  4    Dex: 12    Spells: 4/4 levels left

rFire   . . .      SeeInvis .    a - +0 rapier
rCold   . . .      Faith    .    c - +0 buckler
rNeg    . . .      Spirit   .    b - +0 scale mail
rPois   .          Reflect  .    (no helmet)
rElec   .          Harm     .    (no cloak)
rCorr   .          Rampage  .    (no gloves)
Will    .....                    (no boots)
Stlth   ..........               i - amulet of the acrobat
HPRegen 0.27/turn                (no ring)
MPRegen 0.09/turn                (no ring)

@: mighty
A: no striking features
a: no special abilities


You were on level 3 of the Dungeon.
You visited 1 branch of the dungeon, and saw 3 of its levels.

You collected 87 gold pieces.

Inventory:

Hand Weapons
 a - a +0 rapier (weapon)
Armour
 b - a +0 scale mail (worn)
 c - a +0 buckler (worn)
Jewellery
 i - an amulet of the acrobat (around neck)
Wands
 h - a wand of roots (1)
Scrolls
 f - a scroll of amnesia
 g - a scroll of enchant armour {unknown}
 l - 2 scrolls of vulnerability {unknown}
 n - 2 scrolls of poison {unknown}
 o - a scroll of teleportation {unknown}
 p - a scroll of magic mapping {unknown}
Potions
 d - 2 potions of might
 e - a potion of mutation
 k - a potion of degeneration {unknown}


   Skills:
 + Level 4.3 Fighting
 + Level 3.3 Short Blades
 + Level 4.2 Armour
 + Level 1.6 Dodging
 + Level 3.8 Shields
 * Level 0.2 Evocations


You had 4 spell levels left.
You didn't know any spells.
Your spell library contained the following spells:

 Spells                   Type           Power      Damage    Failure   Level
 Summon Small Mammal      Summ           0%         N/A       86%         1
 Call Canine Familiar     Summ           0%         N/A       99%         3
 Summon Guardian Golem    Hex/Summ       0%         N/A       99%         3
 Conjure Ball Lightning   Conj/Air       0%         3x3d6     100%        6
 Discord                  Hex            0%         N/A       100%        8
 Disjunction              Tloc           0%         N/A       100%        8


Dungeon Overview and Level Annotations

Branches:
Dungeon (3/15)

Altars:
Cheibriados
Sif Muna

Shops:
D:2 :

Annotations:
D:3 Grinder


Message History

Grinder is lightly wounded.
You block Grinder's attack.
You hit Grinder.
Grinder is moderately wounded.
Grinder zaps a wand.
The puff of flame hits you but does no damage.
Grinder completely misses you.
You hit Grinder.
Grinder is moderately wounded.
Grinder zaps a wand.
The puff of flame hits you!
You hit Grinder.
Grinder is moderately wounded.
Grinder hits you but does no damage.
You hit Grinder but do no damage.
Grinder is moderately wounded.
Grinder blinks!
You barely miss Grinder.
Grinder is moderately wounded.
Grinder hits you!
* * * LOW HITPOINT WARNING * * *
You writhe in agony.
* * * LOW HITPOINT WARNING * * *
It was a potion of curing.
You feel better. Grinder hits you.
* * * LOW HITPOINT WARNING * * *
You feel very mighty all of a sudden. You block Grinder's attack.
You hit Grinder.
Grinder is heavily wounded.
Grinder hits you.
* * * LOW HITPOINT WARNING * * *
You writhe in agony.
* * * LOW HITPOINT WARNING * * *
You hit Grinder.
Grinder is heavily wounded.
You block Grinder's attack.
You closely miss Grinder.
Grinder is heavily wounded.
Grinder gestures at you. Pain shoots through your body!
You die...

#...# #.# #..^# #.#
##..#######.# #...........#
############# #############
#............ # #@.......
......##5#######
#.##...#.#######
#.##...........####
#.####....####....##### #
#######..........##.........###
#...........#(.................
#...........#.##........#...##.
#...........#.###.......#.####.


You could see Grinder.

Vanquished Creatures
  Ijyb (D:3)
  8 adders
  2 worms (D:2)
  3 dart slugs (D:2)
  4 endoplasms
  2 hobgoblins
  5 jackals (D:2)
  6 quokkas
  3 ball pythons
  5 bats
  4 frilled lizards
  4 goblins
  5 kobolds (D:1)
  4 rats
56 creatures vanquished.

Notes
Turn   | Place    | Note
-------+----------+-------------------------------------------
     0 | D:1      | Dorkslayer the Hill Orc Fighter began the quest for the
                  | Orb.
     0 | D:1      | Reached XP level 1. HP: 19/19 MP: 1/1
   208 | D:1      | Reached XP level 2. HP: 27/27 MP: 2/2
   485 | D:2      | Found Taluus's Book Shoppe.
   531 | D:2      | Reached XP level 3. HP: 30/33 MP: 3/3
   645 | D:2      | Reached skill level 1 in Dodging
   904 | D:2      | Reached XP level 4. HP: 23/40 MP: 4/4
  1500 | D:3      | Found a faded altar of an unknown god.
  1667 | D:3      | Noticed Ijyb
  1684 | D:3      | Killed Ijyb
  1685 | D:3      | Reached XP level 5. HP: 14/46 MP: 5/5
  1985 | D:3      | Found a shimmering blue altar of Sif Muna.
  1986 | D:3      | Found a snail-covered altar of Cheibriados.
  2250 | D:3      | Noticed Grinder
  2252 | D:3      | Paralysed by Grinder for 2 turns
  2268 | D:3      | Killed from afar by Grinder

Illustrated notes

Levels and vault maps discovered:
D:1:      minmay_arrival_up_and_down, layout_basic, minmay_tiny_reverse_x
D:2:      layout_loops_ring, serial_shops, shop
D:3:      layout_basic, minitemple, basic_ecumenical_altar,
          gammafunk_ghost_grave, uniq_robin, uniq_ijyb, uniq_grinder,
          uniq_crazy_yiuf_cottage

Skill      XL: |  1  2  3  4  5 |
---------------+----------------+-----
Dodging        | 1 |  1.6
Fighting       | 4 |  4.3
Short Blades   | 3 |  3.3
Armour         | 4 |  4.2
Shields        | |  3.8
Evocations     | |  0.2

Action                   |  1- 3 |  4- 6 || total
-------------------------+-------+-------++-------
Melee: Rapier            |   142 |   144 ||   286
  Use: Scroll            |       |     3 ||     3
       Potion            |       |     2 ||     2
Armor: Scale mail        |    59 |    50 ||   109
Dodge: Dodged            |    78 |    49 ||   127
Block: Buckler           |    37 |    24 ||    61

Table legend: (Time is in decaauts)
 A = Elapsed time spent in this place.
 B = Non-inter-level travel time spent in this place.
 C = Inter-level travel time spent in this place.
 D = Time resting spent in this place.
 E = Time spent auto-exploring this place.
 F = Levels seen in this place.
 G = Mean time per level.
                   A        B        C        D        E       F      G
               +--------+--------+--------+--------+--------+-----+--------+
         Total |   2298 |   2298 |      0 |      0 |   1475 |   3 |  766.0 |
       Dungeon |   2298 |   2298 |      0 |      0 |   1475 |   3 |  766.0 |
               +--------+--------+--------+--------+--------+-----+--------+

Top non-repeatable levels by time:
     D:2: 1012 daAuts
     D:3: 794 daAuts
     D:1: 492 daAuts
